 Dungeon Crawl Stone Soup version 0.27-a0-1434-g6f15984924 (webtiles) character file.

Game seed: 14385726182955014836

86462 mandarbmax the Brawler (level 15, 0/171 (178) HPs)
             Began as a Troll Chaos Knight on July 3, 2021.
             Was a Plaything of Xom.
             Slain by a spriggan rider (24 damage)
             ... on level 2 of the Lair of Beasts on July 4, 2021.
             The game lasted 00:51:21 (18638 turns).

mandarbmax the Brawler (Troll Chaos Knight)        Turns: 18638, Time: 00:51:21

HP:   0/171 (178)   AC:  9    Str: 30    XL:     15   Next: 40%
MP:   14/14         EV: 10    Int:  9    God:    Xom [....*.]
Gold: 990           SH: 24    Dex: 13    Spells: 7/14 levels left

rFire    + . .     SeeInvis .     - Unarmed
rCold    + . .     Faith    .   U - +0 tower shield {rN+}
rNeg     + . .     Spirit   .   w - +0 acid dragon scales
rPois    .         Reflect  .   (helmet unavailable)
rElec    .         Harm     .   C - scarf {rC+ rF+}
rCorr    +         Rampage  .   (gloves unavailable)
Will     +....                  (boots unavailable)
Stlth    ++........             b - amulet of Vitality {Regen+ HP+15}
HPRegen  2.38/turn              y - +6 ring of strength
MPRegen  0.14/turn              x - ring of Wielewoceh {+Blink rCorr AC+4}

@: lightly drained
A: large, unfitting armour, claws 3, regeneration 1, shaggy fur 1, tough skin 1,
horns 3, large bone plates 1, camouflage 1, deformed body, sense surroundings 1,
robust 1
a: Renounce Religion, Evoke Blink


You were on level 2 of the Lair of Beasts.
You worshipped Xom.
You were a beloved toy of Xom.
You visited 4 branches of the dungeon, and saw 23 of its levels.
You also visited: Gauntlet.

You collected 3082 gold pieces.
You spent 2092 gold pieces at shops.

Inventory:

Missiles
 c - 5 silver javelins
 h - 4 boomerangs of dispersal
 r - 68 poisoned darts
 D - 14 curare-tipped darts
 I - 28 boomerangs (quivered)
 K - 9 large rocks
 M - 2 datura-tipped darts
 T - 10 javelins
 X - 4 throwing nets
Armour
 w - +0 acid dragon scales (worn)
 C - a scarf of resistance (worn)
 U - a +0 tower shield of positive energy (worn)
Jewellery
 b - the amulet of Vitality (around neck) {Regen+ HP+15}
   (You acquired it on level 1 of the Dungeon)

   [amulet of regeneration]

   HP:        It affects your health (+15).
   Regen:     It increases your rate of health regeneration.
 x - the ring of Wielewoceh (right claw) {+Blink rCorr AC+4}
   (You bought it in a shop on level 2 of the Orcish Mines)

   [ring of protection]

   AC:        It affects your AC (+4).
   +Blink:    It lets you blink.
   rCorr:     It protects you from acid and corrosion.
 y - a +6 ring of strength (left claw)
 B - the ring "Likag" {Wiz rF+ rN+}
   (You found it on level 6 of the Dungeon)

   [ring of wizardry]

   It improves your spell success rate.
   rF:        It protects you from fire.
   rN:        It protects you from negative energy.
 V - the ring "Uxzaoluk" {rElec rC+ rN+}
   (You found it in a Gauntlet)

   [ring of positive energy]

   rC:        It protects you from cold.
   rElec:     It insulates you from electricity.
   rN:        It protects you from negative energy.
Wands
 u - a wand of polymorph (5)
 z - a wand of acid (17)
 F - a wand of charming (7)
 H - a wand of paralysis (19)
 O - a wand of iceblast (31)
 P - a wand of mindburst (36)
Scrolls
 a - 6 scrolls of magic mapping
 d - 2 scrolls of summoning
 e - 2 scrolls of silence
 f - a scroll of vulnerability
 g - 2 scrolls of fog
 i - a scroll of torment
 p - 2 scrolls of blinking
 q - 3 scrolls of fear
 t - 2 scrolls of amnesia
 E - 2 scrolls of teleportation
 N - 2 scrolls of immolation
 R - 2 scrolls of enchant armour
 Y - a scroll of holy word
Potions
 j - 3 potions of heal wounds
 k - a potion of invisibility
 l - 5 potions of lignification
 m - 3 potions of mutation
 n - 2 potions of haste
 o - 4 potions of flight
 s - 2 potions of curing
 v - 2 potions of attraction
 G - 2 potions of ambrosia
 J - 2 potions of brilliance
 Q - a potion of might
 S - a potion of berserk rage
 Z - a potion of cancellation
Miscellaneous
 A - a tin of tremorstones (inert)
 L - a box of beasts
 W - a phial of floods


   Skills:
 + Level 10.2 Fighting
 + Level 11.5 Throwing
 - Level 7.0 Dodging
 - Level 11.0 Shields
 + Level 15.8 Unarmed Combat


You had 7 spell levels left.
You knew the following spells:

 Your Spells              Type           Power      Damage    Failure   Level
a - Ozocubu's Armour      Ice            0%         N/A       98%         3
b - Swiftness             Air            0%         N/A       98%         3
z - Animate Skeleton      Necr           0%         N/A       75%         1

Your spell library contained the following spells:

 Spells                   Type           Power      Damage    Failure   Level
 Apportation              Tloc           0%         N/A       75%         1
 Corona                   Hex            0%         N/A       75%         1
 Freeze                   Ice            0%         1d3       75%         1
 Pain                     Necr           0%         1d4       75%         1
 Shock                    Conj/Air       0%         1d3       75%         1
 Sting                    Tmut/Pois      0%         1d3       75%         1
 Summon Small Mammal      Summ           0%         N/A       75%         1
 Call Imp                 Summ           0%         N/A       87%         2
 Poisonous Vapours        Pois/Air       0%         N/A       87%         2
 Slow                     Hex            0%         N/A       87%         2
 Static Discharge         Conj/Air       0%         N/A       87%         2
 Confusing Touch          Hex            0%         N/A       98%         3
 Frozen Ramparts          Ice            0%         1d2       98%         3
 Gell's Gravitas          Tloc           0%         N/A       98%         3
 Inner Flame              Hex/Fire       0%         N/A       98%         3
 Mephitic Cloud           Conj/Pois/Air  0%         N/A       98%         3
 Summon Guardian Golem    Hex/Summ       0%         N/A       98%         3
 Teleport Other           Tloc           0%         N/A       98%         3
 Vampiric Draining        Necr           0%         2d6       98%         3
 Airstrike                Air            0%         N/A       100%        4
 Cause Fear               Hex            0%         N/A       100%        4
 Dispel Undead            Necr           0%         3d6       100%        4
 Fulminant Prism          Conj/Hex       0%         3d6       100%        4
 Hailstorm                Conj/Ice       0%         3d3       100%        4
 Iskenderun's Mystic Bla  Conj/Tloc      0%         2d3       100%        4
 Olgreb's Toxic Radiance  Pois           0%         N/A       100%        4
 Sticky Flame             Conj/Fire      0%         2d3       100%        4
 Alistair's Intoxication  Tmut/Pois      0%         N/A       100%        5
 Lee's Rapid Deconstruct  Erth           0%         3d5*      100%        5
 Summon Forest            Summ/Tloc      0%         N/A       100%        5
 Summon Mana Viper        Hex/Summ       0%         N/A       100%        5
 Yara's Violent Unravell  Hex/Tmut       0%         3d3       100%        5
 Dispersal                Tloc           0%         N/A       100%        6
 Eringya's Noxious Bog    Tmut/Pois      0%         N/A       100%        6
 Invisibility             Hex            0%         N/A       100%        6
 Iron Shot                Conj/Erth      0%         9d1       100%        6
 Shadow Creatures         Summ           N/A        N/A       100%        6
 Ozocubu's Refrigeration  Ice            0%         4d5       100%        7
 Summon Hydra             Summ           0%         N/A       100%        7
 Discord                  Hex            0%         N/A       100%        8
 Dragon's Call            Summ           0%         N/A       100%        9


Dungeon Overview and Level Annotations

Branches:
Dungeon (14/15)            Temple (0/1) D:4            Lair (6/6) D:9
  Swamp (1/4) Lair:2       Spider (0/4) Lair:4        Slime (0/5) Lair:5
    Orc (2/2) D:10            Elf (0/3) Orc:2        Vaults (0/5) D:14
Gauntlet (visited)

Altars:
Makhleb
Okawaru
Uskayaw
Wu Jian
Xom
Beogh

Shops:
D:9 ([[:   D:10 *   Orc:2 ((*=

Annotations:
D:6 1 runed translucent door, Crazy Yiuf
D:8 2 transporters, dickylongcocking's ghost, journeyman DjVM
D:14 Nessos; Rupert


Innate Abilities, Weirdness & Mutations

You are too large for most types of armour.
You have claws for hands.
Your natural rate of healing is unusually fast.
You are covered in fur. (AC +1)
You have tough skin. (AC +1)
You have a pair of large horns on your head.
You are partially covered in large bone plates. (SH +4)
Your skin changes colour to match your surroundings (Stealth+).
Armour fits poorly on your strangely shaped body.
You passively map a small area around you.
You are robust. (+10% HP)


Message History

* * * LOW HITPOINT WARNING * * *
You block the spriggan rider's attack.
Unknown command.
You mangle the spriggan rider!!
The spriggan rider is heavily wounded.
The spriggan rider hits you with a +0 spear!
* * * LOW HITPOINT WARNING * * *
You block the spriggan rider's attack.
Unknown command.
You claw the spriggan rider!
You hear a splash.
You kill the spriggan!
You headbutt the hornet!
You kill the hornet!
You block the spriggan rider's attack.
Unknown command.
You claw the spriggan rider!
The spriggan rider is moderately wounded.
You mangle the spriggan rider!!
Your headbutt misses the spriggan rider.
The spriggan rider is severely wounded.
The spriggan rider barely misses you.
You closely miss the spriggan rider.
The spriggan rider is severely wounded.
The spriggan rider hits you with a +2 spear of flaming!!
* * * LOW HITPOINT WARNING * * *
The spriggan rider burns you.
* * * LOW HITPOINT WARNING * * *
Unknown command.
You feel much better. You block the spriggan rider's attack.
You miss the spriggan rider.
The spriggan rider is severely wounded.
The spriggan rider hits you with a +2 spear of flaming!
* * * LOW HITPOINT WARNING * * *
Unknown command.
You claw the spriggan rider!
The spriggan rider is almost dead.
The spriggan rider hits you with a +2 spear of flaming!!
You die... "It's all fun and games until someone loses an eye."

##....# ##### ##......
#.#§## ###...####
####.P..### ##....#.###
#.........###....#.##..
##.#§♣§§♣......##.###..
♣.♣≈≈≈§≈♣.....#####..#
##♣♣§≈§≈§≈♣♣.....# #.<..
#≈≈♣§§§@§§≈♣≈....###..##
#≈.♣≈§§§i§≈♣≈....##..##.
##.♣≈≈§§≈§♣≈.....#...##.
##..♣≈≈≈♣.........####.
##..............## #..
#.....#....##....# #..
##.#####.###...#.###..
### ### ##..####...
#P..# #...


You could see a spriggan rider.

Vanquished Creatures
  Donald (Orc:2)
  A minotaur (Gauntlet)
  Azrael (Orc:2)
  An ettin (Orc:2)
  Harold (Lair:1)
  An ice dragon (D:11)
  9 hydras
  3 boulder beetles
  The ghost of Wuriorphue the Cleaver, a journeyman DsBe of Trog (Lair:1)
  2 centaur warriors (D:13)
  3 catoblepae (Lair:6)
  4 two-headed ogres
  2 death scarabs (Gauntlet)
  Urug (Lair:2)
  16 death yaks
  A deep troll earth mage (D:11)
  Sonja (D:12)
  A fire crab (Lair:6)
  Nergalle (D:12)
  A skeletal warrior (D:11)
  A wizard (Gauntlet)
  7 orc knights
  4 ugly things
  3 cyclopes
  A spectral boulder beetle (Gauntlet)
  A salamander (shapeshifter) (Lair:3)
  An orc sorcerer (Orc:1)
  2 oklob plants (Lair:5)
  4 manticores
  Maurice (D:11)
  4 elephants (Lair:4)
  3 black mambas
  3 centaur zombies
  A torpor snail (Gauntlet)
  7 cane toads
  11 komodo dragons
  An eye of devastation (D:12)
  Psyche (D:10)
  A minotaur zombie (Gauntlet)
  2 unseen horrors
  A kobold demonologist (D:12)
  2 rime drakes (Lair:6)
  An efreet (D:13)
  2 trolls
  A jumping spider (Lair:4)
  4 polar bears
  A tyrant leech (Swamp:1)
  3 hornets
  11 slime creatures
  16 blink frogs
  6 dream sheep
  50 yaks
  2 wraiths
  A spriggan (Lair:2)
  A water elemental (D:10)
  An air elemental (D:10)
  4 wyverns
  4 fire elementals
  A spectral komodo dragon (Gauntlet)
  6 basilisks
  12 vampire mosquitoes
  5 wargs
  Edmund (D:5)
  4 hell hounds (Orc:2)
  2 acid dragons
  15 water moccasins
  Duvessa (D:7)
  38 orc warriors
  A sky beast (D:5)
  A necrophage (D:6)
  An ice beast (D:4)
  11 centaurs
  6 ogres
  A boggart (D:13)
  16 bullfrogs
  A kobold brigand (D:8)
  A gnoll sergeant (D:8)
  An earth elemental (D:10)
  2 scorpions
  Dowan (D:7)
  A wyvern skeleton (D:5)
  A jelly (D:4)
  2 water moccasin skeletons
  6 killer bees (D:8)
  A vampire bat (D:7)
  4 howler monkeys
  2 electric eels
  2 bullfrog zombies (D:6)
  A hound (D:6)
  A gnoll shaman (D:7)
  9 orc priests
  2 bullfrog skeletons
  A centaur skeleton (D:6)
  An iguana (D:5)
  7 orc wizards
  7 gnolls
  6 adders
  2 howler monkey skeletons
  4 white imps
  An ufetubus (D:4)
  2 adder skeletons (D:4)
  2 worms (D:3)
  7 dart slugs
  63 orcs
  10 ball pythons
  2 endoplasms
  5 giant cockroaches
  4 goblins
  8 hobgoblins
  16 jackals
  11 kobolds
  3 quokkas
  14 bats
  5 frilled lizards
  A rat (D:1)
  A bush (D:3)
565 creatures vanquished.

Vanquished Creatures (collateral kills)
  3 yaks
  2 basilisks (D:9)
  A vampire mosquito (D:7)
  A centaur (D:10)
  A bat (D:7)
8 creatures vanquished.

Vanquished Creatures (others)
  A cane toad (Lair:4)
  A bloated husk (Swamp:1)
  17 fungi
  52 plants
71 creatures vanquished.

Grand Total: 644 creatures vanquished

Notes
Turn   | Place    | Note
-------+----------+-------------------------------------------
     0 | D:1      | mandarbmax the Troll Chaos Knight began the quest for the
                  | Orb.
     0 | D:1      | Reached XP level 1. HP: 22/22 MP: 0/0
    44 | D:1      | XOM: silly message
   194 | D:1      | XOM: 2-stop teleportation journey
   208 | D:1      | Reached XP level 2. HP: 29/29 MP: 1/1
   305 | D:1      | XOM: divination: detect items
   346 | D:1      | XOM: silly message
   442 | D:1      | XOM: 10-stop teleportation journey
   508 | D:1      | Identified a scroll of acquirement
   508 | D:1      | Acquired the amulet of Vitality {Regen+ HP+15}
   509 | D:1      | Found the amulet of Vitality {Regen+ HP+15}
   517 | D:1      | Acquired 688 gold pieces
   521 | D:1      | XOM is BORED!
   521 | D:1      | XOM: noise
   532 | D:1      | Reached XP level 3. HP: 37/37 MP: 2/2
   652 | D:1      | XOM: give mutations
   652 | D:1      | Gained mutation: You are partially covered in iridescent
                  | scales. (AC +2) [Xom's mischief]
   652 | D:1      | Gained mutation: You have a pair of small horns on your
                  | head. [Xom's mischief]
   791 | D:2      | XOM: noise
   914 | D:2      | Reached skill level 4 in Unarmed Combat
   989 | D:2      | XOM: summons 2 hostile demons
  1019 | D:2      | XOM: summons 3 hostile shadow creatures
  1082 | D:3      | XOM: smoke on damage
  1098 | D:3      | XOM: smoke on damage
  1123 | D:3      | Reached XP level 4. HP: 45/45 MP: 3/3
  1160 | D:3      | XOM is BORED!
  1160 | D:3      | XOM: 6-stop teleportation journey
  1165 | D:3      | Reached skill level 1 in Shields
  1324 | D:3      | Found a faded altar of an unknown god.
  1413 | D:3      | XOM: silly message
  1643 | D:4      | XOM: noise
  1693 | D:4      | Learned a level 3 spell: Ozocubu's Armour
  1840 | D:4      | Found a staircase to the Ecumenical Temple.
  1893 | D:4      | Noticed an ogre
  1910 | D:4      | XOM: divination: detect items
  1914 | D:4      | Killed an ogre
  1915 | D:4      | Reached skill level 5 in Unarmed Combat
  1915 | D:4      | Reached XP level 5. HP: 53/53 MP: 4/4
  2123 | D:4      | Noticed an ice beast
  2123 | D:4      | XOM: potion effect (might)
  2129 | D:4      | Killed an ice beast
  2130 | D:4      | Reached XP level 6. HP: 61/61 MP: 5/5
  2513 | D:4      | Found an ornate altar of the Wu Jian Council.
  2515 | D:4      | Found a shimmering altar of Xom.
  2516 | D:4      | Found a hide-covered altar of Uskayaw.
  2671 | D:5      | Entered Level 5 of the Dungeon
  2672 | D:5      | Noticed Edmund
  2676 | D:5      | XOM: divination: detect items
  2681 | D:5      | Killed Edmund
  2682 | D:5      | Reached skill level 6 in Unarmed Combat
  2720 | D:5      | Noticed a sky beast
  2728 | D:5      | Killed a sky beast
  2729 | D:5      | Reached XP level 7. HP: 67/67 MP: 6/6
  3087 | D:5      | Reached skill level 7 in Unarmed Combat
  3142 | D:5      | Found an iron altar of Okawaru.
  3358 | D:5      | Reached XP level 8. HP: 75/75 MP: 7/7
  3601 | D:5      | Reached skill level 5 in Shields
  3626 | D:5      | XOM: silly message
  3678 | D:6      | Reached skill level 8 in Unarmed Combat
  3680 | D:6      | XOM: enchant monster (bad)
  3725 | D:6      | Learned a level 3 spell: Swiftness
  3855 | D:6      | Found a runed translucent door.
  3857 | D:6      | Noticed Crazy Yiuf
  3872 | D:6      | XOM: 3-stop teleportation journey
  3881 | D:6      | XOM: 5-stop teleportation journey
  3904 | D:6      | Got the Catalogue of Congealing Companions
  3981 | D:6      | Identified the ring "Likag" {Wiz rF+ rN+}
  4124 | D:6      | XOM: give mutations
  4124 | D:6      | Gained mutation: Your skin changes colour to match your
                  | surroundings (Stealth+). [Xom's grace]
  4124 | D:6      | Gained mutation: Your muscles are strong. (Str +2) [Xom's
                  | grace]
  4282 | D:7      | XOM: confuse monster(s)
  4334 | D:7      | Reached skill level 9 in Unarmed Combat
  4334 | D:7      | Reached XP level 9. HP: 81/81 MP: 8/8
  4383 | D:7      | Noticed Duvessa
  4388 | D:7      | Killed Duvessa
  4399 | D:7      | Noticed Dowan
  4403 | D:7      | Killed Dowan
  4487 | D:7      | Found the +3 pair of gauntlets of War {Slay+5}
  4500 | D:7      | XOM: summons friendly quasit
  4502 | D:7      | XOM: chaos cloud
  5031 | D:7      | XOM: scenery: summon butterflies
  5057 | D:8      | Noticed a two-headed ogre
  5068 | D:8      | Killed a two-headed ogre
  5069 | D:8      | Reached skill level 10 in Unarmed Combat
  5089 | D:8      | XOM: swap monsters
  5217 | D:8      | XOM: summons friendly quasit
  5222 | D:8      | Reached XP level 10. HP: 91/91 MP: 9/9
  5222 | D:8      | XOM: polymorph quasit -> crimson imp
  5317 | D:8      | Found a transporter.
  5319 | D:8      | Noticed a green ugly thing
  5323 | D:8      | Noticed dickylongcocking's ghost (journeyman DjVM)
  5456 | D:8      | Found a transporter.
  5680 | D:9      | Found Seices's Antique Armour Shop.
  5731 | D:9      | Found Joneadyo's Book Shop.
  5753 | D:9      | Found a staircase to the Lair.
  5762 | D:9      | Reached skill level 11 in Unarmed Combat
  5765 | D:9      | XOM: summons 7 friendly demons
  5787 | D:9      | Found Tuitog's Armour Shop.
  6061 | D:9      | Found Gymaer's Weapon Shoppe.
  6261 | D:9      | XOM: summons 5 hostile demons
  6295 | D:9      | Bought a scarf of resistance for 512 gold pieces
  6303 | D:10     | Entered Level 10 of the Dungeon
  6416 | D:10     | XOM: summons 4 friendly demons
  6444 | D:10     | Noticed a two-headed ogre
  6449 | D:10     | Killed a two-headed ogre
  6469 | D:10     | Reached skill level 12 in Unarmed Combat
  6473 | D:10     | XOM: confuse monster(s)
  6488 | D:10     | Found a staircase to the Orcish Mines.
  6523 | D:10     | Found Jeqa's General Store.
  6532 | D:10     | Bought a box of beasts for 480 gold pieces
  6532 | D:10     | Bought a scroll of fear for 42 gold pieces
  6532 | D:10     | Bought 2 datura-tipped darts for 9 gold pieces
  6532 | D:10     | Bought a potion of heal wounds for 60 gold pieces
  6678 | D:10     | XOM: god gift: 23 gold pieces
  6687 | D:10     | Noticed Psyche
  6690 | D:10     | XOM: summons 4 friendly demons
  6695 | D:10     | XOM: potion effect (brilliance)
  6697 | D:10     | Killed Psyche
  6756 | D:10     | Reached XP level 11. HP: 97/97 MP: 10/10
  6885 | D:10     | Identified the amulet of Xom's Righteous Fury {Faith Harm}
                  | (Xom gifted it to you on level 10 of the Dungeon)
  6885 | D:10     | XOM: god gift: amulet of Xom's Righteous Fury {Faith Harm}
  6909 | D:10     | Found a large runed translucent door.
  6909 | D:10     | Found a large runed translucent door.
  6920 | D:10     | Paralysed by an air elemental for 1 turns
  6922 | D:10     | Noticed a two-headed ogre
  6934 | D:10     | Killed a two-headed ogre
  6935 | D:10     | Reached skill level 10 in Shields
  6995 | D:10     | XOM: scenery: 2 doors close
  7003 | D:10     | XOM: give mutations
  7003 | D:10     | Gained mutation: Your mind is acute. (Int +2) [Xom's grace]
  7003 | D:10     | Gained mutation: You have a pair of horns on your head.
                  | [Xom's grace]
  7003 | D:10     | Gained mutation: You passively map a small area around you.
                  | [Xom's grace]
  7008 | D:11     | Noticed Maurice
  7010 | D:11     | XOM: enchant monster (good)
  7015 | D:11     | Killed Maurice
  7096 | D:11     | Noticed a red ugly thing
  7104 | D:11     | XOM: cleaving
  7108 | D:11     | Killed a red ugly thing
  7218 | D:11     | XOM: god gift: 12 stones
  7224 | D:11     | Noticed a deep troll earth mage
  7224 | D:11     | Noticed an ice dragon
  7240 | D:11     | Killed an ice dragon
  7241 | D:11     | Reached skill level 13 in Unarmed Combat
  7244 | D:11     | Killed a deep troll earth mage
  7247 | D:11     | Identified the +11 rapier of Darkness {antimagic, rF- rCorr
                  | Stlth+}
  7276 | D:11     | Noticed a skeletal warrior
  7283 | D:11     | Noticed a seven-headed hydra
  7286 | D:11     | XOM: scenery: summon butterflies
  7289 | D:11     | Killed a skeletal warrior
  7403 | D:11     | XOM: summons friendly iron imp
  7410 | D:11     | Reached skill level 1 in Throwing
  7580 | D:12     | XOM: god gift: 56 gold pieces
  7597 | D:12     | XOM: polymorph enormous slime creature -> polar bear
  7600 | D:12     | XOM: potion effect (haste)
  7609 | D:12     | Reached XP level 12. HP: 93/105 MP: 11/11
  7680 | D:12     | Noticed a boulder beetle
  7688 | D:12     | Killed a boulder beetle
  7689 | D:12     | Reached skill level 14 in Unarmed Combat
  7766 | D:12     | XOM: enchant monster (good)
  7881 | D:12     | XOM: confuse monster(s)
  7895 | D:11     | XOM: god gift: scroll labelled MAFAFF GUULEO {god gift}
  7900 | D:11     | XOM: cloud trail
  7922 | D:12     | XOM: cast spell 'Call Canine Familiar'
  7967 | D:12     | Noticed Sonja
  7978 | D:12     | Killed Sonja
  8208 | D:12     | XOM: silly message
  8278 | D:12     | Noticed Nergalle
  8288 | D:12     | Killed Nergalle
  8297 | D:12     | XOM: 3-stop teleportation journey
  8366 | D:12     | XOM: 3-stop teleportation journey
  8593 | D:12     | XOM: divination: detect items
  8609 | D:12     | XOM: confuse monster(s)
  8611 | D:12     | Reached skill level 5 in Throwing
  8759 | D:12     | XOM: stat loss: -1 Int (9/10)
  8932 | D:12     | Noticed a four-headed hydra
  8937 | D:12     | Killed a seven-headed hydra
  9140 | D:13     | XOM: blink monster(s)
  9141 | D:13     | Noticed a five-headed hydra
  9150 | D:13     | Killed a seven-headed hydra
  9209 | D:13     | Noticed a centaur warrior
  9220 | D:13     | XOM: summons 7 hostile demons
  9223 | D:13     | Killed a centaur warrior
  9223 | D:13     | XOM: polymorph centaur -> boggart
  9445 | D:13     | Noticed a boulder beetle
  9450 | D:13     | XOM: silly message
  9455 | D:13     | Killed a boulder beetle
  9591 | D:13     | XOM: swap monsters
  9627 | D:13     | XOM: smoke on damage
  9672 | D:13     | Noticed a boulder beetle
  9675 | D:13     | XOM: silly message
  9684 | D:13     | Killed a boulder beetle
  9685 | D:13     | Reached skill level 5 in Fighting
  9743 | D:13     | Reached skill level 15 in Unarmed Combat
  9799 | D:13     | Noticed a centaur warrior
  9800 | D:13     | XOM: chaos cloud
  9803 | D:13     | Reached XP level 13. HP: 118/118 MP: 12/12
  9810 | D:13     | XOM: swap monsters
  9907 | D:13     | XOM: noise
  9998 | D:14     | Found a gate to the Vaults.
  9998 | D:14     | Noticed Nessos
  9998 | D:14     | Noticed Rupert
  9998 | D:14     | Noticed a fire dragon
 10092 | Lair:1   | Entered Level 1 of the Lair of Beasts
 10124 | Lair:1   | Learned a level 1 spell: Animate Skeleton
 10159 | Lair:1   | Found a gate leading to a gauntlet.
 10168 | Gauntlet | Entered a Gauntlet
 10168 | Gauntlet | Found a transporter.
 10168 | Gauntlet | Found a transporter.
 10169 | Gauntlet | Found a transporter.
 10172 | Gauntlet | Found a transporter.
 10172 | Gauntlet | Found a transporter.
 10172 | Gauntlet | Found a transporter.
 10180 | Gauntlet | Noticed a green death
 10182 | Gauntlet | Found a transporter.
 10186 | Gauntlet | Found a transporter.
 10196 | Gauntlet | Found a transporter.
 10297 | Gauntlet | Found a transporter.
 10301 | Gauntlet | Found a transporter.
 10309 | Gauntlet | XOM: summons 3 hostile shadow creatures
 10321 | Gauntlet | Found a transporter.
 10393 | Gauntlet | XOM: torment (69/135 hp)
 10417 | Gauntlet | XOM: torment (63/135 hp)
 10418 | Gauntlet | Acquired a +0 tower shield of positive energy
 10472 | Gauntlet | Identified the ring "Uxzaoluk" {rElec rC+ rN+}
 10504 | Gauntlet | XOM: noise
 10510 | Gauntlet | XOM: summons 2 friendly demons
 10511 | Gauntlet | XOM: destruction
 10519 | Gauntlet | XOM: smoke on damage
 10525 | Gauntlet | XOM: noise
 10586 | Gauntlet | Identified the +6 hunting sling of the Heavens {freeze,
                  | +Blink rF+ Str+2}
 10586 | Gauntlet | Noticed a minotaur
 10601 | Gauntlet | Killed a minotaur
 10652 | Gauntlet | Identified the +7 hunting sling of the Fray {venom, Int+2}
 10715 | Lair:1   | Noticed Harold
 10723 | Lair:1   | Killed Harold
 10895 | Lair:1   | XOM: god gift: 58 gold pieces
 10911 | Lair:1   | XOM: god gift: 50 gold pieces
 11315 | Lair:1   | Found a runed translucent door.
 11316 | Lair:1   | You fall into a shaft and drop 1 floor!
 11354 | Lair:2   | XOM: polymorph blink frog -> hornet
 11387 | Lair:2   | XOM: 3-stop teleportation journey
 11395 | Lair:2   | XOM: 3-stop teleportation journey
 11580 | Lair:2   | XOM: potion effect (might)
 11586 | Lair:2   | XOM: noise
 11588 | Lair:2   | XOM: divination: magic mapping
 11595 | Lair:2   | Noticed Urug
 11597 | Lair:2   | XOM: summons 4 hostile demons
 11663 | Lair:2   | Killed Urug
 11719 | Lair:2   | Reached XP level 14. HP: 136/136 MP: 13/13
 11946 | Lair:2   | Found a staircase to the Swamp.
 12430 | Lair:3   | You fall into a shaft and drop 1 floor!
 12432 | Lair:4   | XOM: confusion (+ monsters)
 12439 | Lair:4   | XOM: blink monster(s)
 12476 | Lair:4   | XOM: divination: detect items
 12478 | Lair:4   | XOM: summons 1 hostile shadow creature
 12518 | Lair:3   | XOM: summons friendly quasit
 12620 | Lair:1   | XOM: summons 5 hostile demons
 12787 | Lair:1   | XOM: give mutations
 12787 | Lair:1   | Gained mutation: Armour fits poorly on your strangely
                  | shaped body. [Xom's mischief]
 12787 | Lair:1   | Lost mutation: Your mind is acute. (Int +2) [Xom's
                  | mischief]
 12833 | Lair:1   | Noticed Wuriorphue's ghost (journeyman DsBe)
 12848 | Lair:1   | Killed Wuriorphue's ghost
 12849 | Lair:1   | Reached skill level 10 in Throwing
 13233 | Lair:3   | XOM: polymorph water moccasin -> shapeshifter
 13671 | Lair:4   | Found a hole to the Spider Nest.
 13841 | Lair:4   | XOM: divination: detect items
 13921 | Lair:4   | XOM: 2-stop teleportation journey
 14092 | Lair:4   | XOM: silly message
 14233 | Lair:4   | XOM: enchant monster (good)
 14259 | Lair:4   | XOM: divination: detect creatures
 14263 | Lair:4   | Reached skill level 5 in Dodging
 14268 | Lair:4   | XOM: potion effect (brilliance)
 14522 | Lair:5   | XOM is BORED!
 14522 | Lair:5   | XOM: 2-stop teleportation journey
 14527 | Lair:5   | Found a staircase to the Slime Pits.
 14710 | Lair:5   | XOM: fog
 14803 | Lair:5   | XOM: give mutations
 14803 | Lair:5   | Gained mutation: You are robust. (+10% HP) [Xom's grace]
 14803 | Lair:5   | Gained mutation: You have a pair of large horns on your
                  | head. [Xom's grace]
 14852 | Lair:5   | XOM: noise
 15039 | Lair:5   | XOM: summons 1 hostile demon
 15325 | Lair:6   | Entered Level 6 of the Lair of Beasts
 15460 | Lair:6   | XOM: give mutations
 15460 | Lair:6   | Gained mutation: You evolve. [Xom's grace]
 15460 | Lair:6   | Gained mutation: You are partially covered in large bone
                  | plates. (SH +4) [Xom's grace]
 15881 | Lair:6   | XOM: summons friendly quasit
 15890 | Lair:6   | XOM: destruction
 15901 | Lair:6   | XOM: cleaving
 16001 | Lair:6   | XOM: cast spell 'Summon Dragon'
 16103 | Lair:6   | Gained mutation: You are mostly covered in iridescent
                  | scales. (AC +4) [evolution]
 16103 | Lair:6   | Lost mutation: You evolve. [end of evolution]
 16118 | Lair:6   | Reached XP level 15. HP: 163/163 MP: 14/14
 16137 | Lair:6   | Got the Disquisition on Attacks
 16243 | Lair:6   | XOM: scenery: create altars
 16261 | Lair:6   | XOM: god gift: 19 stones
 16684 | Lair:2   | XOM: give mutations
 16684 | Lair:2   | Lost mutation: You are mostly covered in iridescent scales.
                  | (AC +4) [Xom's mischief]
 16684 | Lair:2   | Lost mutation: Your muscles are strong. (Str +2) [Xom's
                  | mischief]
 16684 | Lair:2   | Lost mutation: You are partially covered in iridescent
                  | scales. (AC +2) [Xom's mischief]
 16769 | Orc:1    | Entered Level 1 of the Orcish Mines
 16781 | Orc:1    | Found a burning altar of Makhleb.
 16846 | Orc:1    | XOM: 9-stop teleportation journey
 16997 | Orc:2    | Entered Level 2 of the Orcish Mines
 17049 | Orc:2    | Noticed Azrael
 17071 | Orc:2    | XOM: cast spell 'Chain of Chaos'
 17080 | Orc:2    | XOM: smoke on damage
 17083 | Orc:2    | Killed Azrael
 17193 | Orc:2    | XOM: smoke on damage
 17349 | Orc:2    | Reached skill level 10 in Fighting
 17459 | Orc:2    | XOM: divination: detect items
 17645 | Orc:2    | Found Exaleus's Weapon Shop.
 17645 | Orc:2    | Found Ruixt's Antique Weapon Shoppe.
 17761 | Orc:2    | Found a staircase to the Elven Halls.
 17761 | Orc:2    | XOM: 2-stop teleportation journey
 17790 | Orc:2    | Noticed Donald
 17803 | Orc:2    | Killed Donald
 18000 | Orc:2    | Found Muemothu's Assorted Antiques.
 18000 | Orc:2    | Found Zatwud's Jewellery Shoppe.
 18005 | Orc:2    | Bought a potion of berserk rage for 115 gold pieces
 18005 | Orc:2    | Bought a fizzy sapphire potion for 20 gold pieces
 18005 | Orc:2    | Bought a fizzy sapphire potion for 20 gold pieces
 18158 | Orc:2    | XOM: draining
 18456 | Orc:2    | Bought the ring of Wielewoceh {+Blink rCorr AC+4} for 834
                  | gold pieces
 18610 | Swamp:1  | Entered Level 1 of the Swamp
 18612 | Swamp:1  | XOM: enchant monster (good)
 18638 | Lair:2   | Slain by a spriggan rider

Illustrated notes

Levels and vault maps discovered:
D:1:      lemuel_arrival_muddy, layout_basic
D:2:      layout_rooms, lemuel_another_geyser
D:3:      layout_basic, ebering_ecumenical_altar_mist, minmay_hedge_maze,
          minmay_circle_x
D:4:      layout_basic, minitemple, minmay_temple_entry_statues_pillars
D:5:      minmay_inner_zag, layout_loops_corners, old_standard_altar,
          minmay_crystal_room, uniq_edmund
D:6:      layout_cave_pools, uniq_crazy_yiuf_cottage
D:7:      layout_basic, minmay_misc_feat_chi, roderic_batcave,
          minmay_misc_feat_x, uniq_duvessa
D:8:      layout_cave_pools, gammafunk_ghost_arena
D:9:      layout_loops_cross, david_lair_generic, serial_shops, shop, shop,
          nicolae_lakefront_shop, nicolae_stop_n_shop_2
D:10:     layout_loops_ring, orc_0_dummy, serial_shops, shop,
          chequers_mini_garden, lightli_elemental_guards, uniq_psyche
D:11:     minmay_mutant_horseshoe, layout_gridville, uniq_maurice
D:12:     layout_stronghold, hangedman_decor_growths, uniq_sonja, uniq_nergalle
D:13:     layout_basic
D:14:     layout_loops_ring, david_vaults_3, nicolae_two_hexagons
Lair:1:   layout_cave_pods, ebering_ghost_inner_flame, gauntlet_entry_generic,
          serial_bayou_pond_a, uniq_harold
Lair:2:   layout_cave_pods, swamp_mist_pool, serial_bayou_pond_c,
          grunt_megastairs_4, uniq_urug
Lair:3:   layout_chaotic_city
Lair:4:   layout_roguey, spider_nest_entry_a, beast_lair_carwin_10,
          infiniplex_staircase_pool
Lair:5:   layout_small_grid, minmay_slime_entry_oklob_open,
          serial_bayou_lagoon_a
Lair:6:   evilmike_catoblepas_cave, layout_layer_cave, grunt_megastairs_1
Swamp:1:  layout_falls_marsh, gammafunk_ghost_hydra_chop,
          evilmike_swamp_ruin_house_1
Orc:1:    layout_diamond_mine, basic_altar, bloody_makhleb
Orc:2:    st_orc_town, layout_caves, uniq_azrael, uniq_donald

Skill      XL: |  1  2  3  4  5  6  7  8  9 10 11 12 13 14 15 |
---------------+----------------------------------------------+-----
Dodging        | 2 3 6 7 |  7.0
Fighting       | 3 5 8 9 10 | 10.2
Unarmed Combat | 4 5 6 7 9 10 12 13 15 | 15.8
Shields        | 2 3 4 6 8 9 11 | 11.0
Throwing       | 2 6 9 11 | 11.5

Action                   |  1- 3 |  4- 6 |  7- 9 | 10-12 | 13-15 || total
-------------------------+-------+-------+-------+-------+-------++-------
Melee: Unarmed           |   177 |   116 |   215 |   410 |   742 ||  1660
       Headbutt          |    18 |    20 |    52 |   112 |   197 ||   399
Throw: Dart              |       |     3 |    21 |     3 |       ||    27
       Large rock        |       |       |       |    59 |   222 ||   281
       Boomerang         |       |       |       |       |    54 ||    54
       Javelin           |       |       |       |       |     4 ||     4
Evoke: Box of beasts     |       |       |       |     1 |       ||     1
       Wand              |       |       |       |       |     1 ||     1
       Tin of tremorston |       |       |       |       |     2 ||     2
  Use: Scroll            |     4 |     6 |     4 |    10 |    10 ||    34
       Potion            |       |     2 |     2 |     2 |     9 ||    15
 Stab: Sleeping          |       |     2 |       |     4 |     1 ||     7
       Confused          |       |       |     2 |     2 |     1 ||     5
       Distracted        |       |       |     1 |     2 |     1 ||     4
       Invisible         |       |       |     1 |       |     1 ||     2
       Paralysed         |       |       |       |       |     1 ||     1
Armor: Robe              |    69 |    62 |    65 |    12 |       ||   208
       Skin              |       |       |    22 |       |       ||    22
       Acid dragon scale |       |       |       |   165 |    94 ||   259
Dodge: Dodged            |    44 |    15 |    55 |   203 |   216 ||   533
Block: Tower shield      |    37 |    84 |   232 |   481 |   750 ||  1584

Table legend: (Time is in decaauts)
 A = Elapsed time spent in this place.
 B = Non-inter-level travel time spent in this place.
 C = Inter-level travel time spent in this place.
 D = Time resting spent in this place.
 E = Time spent auto-exploring this place.
 F = Levels seen in this place.
 G = Mean time per level.
                   A        B        C        D        E       F      G
               +--------+--------+--------+--------+--------+-----+--------+
         Total |  18792 |  17619 |   1173 |    418 |  13153 |  24 |  783.0 |
       Dungeon |  10326 |   9766 |    560 |    252 |   7343 |  14 |  737.6 |
          Lair |   6258 |   5899 |    359 |     40 |   4792 |   6 | 1043.0 |
         Swamp |     15 |     15 |      0 |      0 |      0 |   1 |   15.0 |
  Orcish Mines |   1700 |   1446 |    254 |     69 |    847 |   2 |  850.0 |
      Gauntlet |    491 |    491 |      0 |     56 |    171 |   1 |  491.0 |
               +--------+--------+--------+--------+--------+-----+--------+

Top non-repeatable levels by time:
    D:12: 1496 daAuts
  Lair:6: 1318 daAuts
   Orc:2: 1182 daAuts
  Lair:2: 1178 daAuts
  Lair:1: 1108 daAuts
     D:4: 1046 daAuts
  Lair:4: 1002 daAuts
     D:5: 999 daAuts
    D:13: 948 daAuts
  Lair:5: 859 daAuts
     D:7: 834 daAuts
    D:10: 802 daAuts
  Lair:3: 790 daAuts
     D:9: 698 daAuts
     D:1: 678 daAuts
